 Dungeon Crawl Stone Soup version 0.31.0-11-ge490571c62 (webtiles) character file.

Game seed: 4039323731373350711

27 Curundu the Chopper (level 2, -1/27 HPs)
             Began as a Minotaur Berserker on Jan 26, 2024.
             Was a Follower of Trog.
             Slain by an adder (3 damage)
             ... on level 2 of the Dungeon.
             The game lasted 00:02:03 (695 turns).

Curundu the Chopper (Minotaur Berserker)             Turns: 695, Time: 00:02:03

Health: -1/27      AC:  5    Str: 21    XL:     2   Next: 93%
Magic:  1/1        EV: 11    Int:  4    God:    Trog [*.....]
Gold:   70         SH:  0    Dex:  9    Spells: 1/1 levels left

rFire   . . .        a - +0 hand axe
rCold   . . .        (no shield)
rNeg    . . .        e - +0 ring mail
rPois   .            (helmet restricted)
rElec   .            (no cloak)
rCorr   .            (no gloves)
SInv    .            (no boots)
Will    .....        (no amulet) Stlth
                     (no ring)
HPRegen 0.24/turn    (no ring)
MPRegen 0.07/turn

%: no passive effects
@: lethally poisoned (-1 -> -4)
A: horns 2, retaliatory headbutt
a: Renounce Religion, Berserk


You were on level 2 of the Dungeon.
You worshipped Trog.
Trog was aware of your devotion.
You visited 1 branch of the dungeon, and saw 2 of its levels.

You collected 70 gold pieces.

Inventory:

Hand Weapons
 a - a +0 hand axe (weapon)
Armour
 e - a +0 ring mail (worn)
Potions
 b - a potion of lignification {unknown}
 d - a potion of magic


   Skills:
 + Level 4.2 Fighting
 + Level 4.3 Axes
 + Level 2.6 Armour
 + Level 2.3 Dodging


You had one spell level left.
You didn't know any spells.
Your spell library was empty.

Dungeon Overview and Level Annotations

Branches:
Dungeon (2/15)

Altars:


Innate Abilities, Weirdness & Mutations

You have a pair of horns on your head.
You reflexively headbutt those who attack you in melee.


Message History

HP restored.
You climb downwards.
The adder hisses angrily. x2
Found 10 gold pieces.
There is a stone staircase leading up here.
The adder bites you.
The ribbon worm expels a string of sticky webbing.
The stream of webbing hits you but does no damage.
You are caught in a web!
There is a web here.
You struggle to detach yourself from the web.
The adder bites you but does no damage. The ribbon worm bites you.
The web tears apart.
The adder bites you.
You are poisoned.
The adder poisons you! The ribbon worm bites you.
The adder bites you but does no damage.
You hit the ribbon worm but do no damage.
You miss the adder. You closely miss the adder.
You feel sick. The adder closely misses you.
The adder bites you but does no damage.
The ribbon worm expels a string of sticky webbing.
The stream of webbing hits you but does no damage.
You are caught in a web!
You struggle to detach yourself from the web.
You feel sick. The adder bites you but does no damage. The adder bites you.
You are more poisoned.
The adder poisons you!
You struggle to detach yourself from the web.
You feel sick.
The adder bites you but does no damage. x2
The ribbon worm bites you!
* * * LOW HITPOINT WARNING * * *
The adder bites you but does no damage. x2
You struggle to detach yourself from the web.
You feel sick. The adder bites you but does no damage.
The ribbon worm bites you.
* * * LOW HITPOINT WARNING * * *
The adder bites you but does no damage.
The web tears apart.
* * * LOW HITPOINT WARNING * * *
You feel sick. The adder bites you.
You die...

....###.##
..........
#........#
#........#
#........#
#........###
#.........#
#.....<.S.#
#......S@w#
#.........#
#.........#
#...........
#.......$.###
#.........#
#.........#
####....###


You could see a ribbon worm and 2 adders.

Vanquished Creatures
  6 ball pythons (D:1)
  5 goblins (D:1)
  3 hobgoblins (D:1)
  2 jackals (D:1)
  A quokka (D:1)
  2 bats (D:1)
  A frilled lizard (D:1)
  2 kobolds (D:1)
  A rat (D:1)
23 creatures vanquished.

Notes
Turn   | Place    | Note
-------+----------+-------------------------------------------
     0 | D:1      | Curundu the Minotaur Berserker began the quest for the Orb.
     0 | D:1      | Reached XP level 1. HP: 19/19 MP: 0/0
   131 | D:1      | Reached XP level 2. HP: 27/27 MP: 1/1
   695 | D:2      | Slain by an adder

Illustrated notes

Levels and vault maps discovered:
D:1:      dpeg_arrival_fog, layout_rooms
D:2:      layout_basic, serial_shops, shop

Skill      XL: |  1  2 |
---------------+-------+-----
Fighting       | 4 |  4.2
Axes           | 4 |  4.3
Armour         | |  2.6
Dodging        | |  2.3

Action                     || total
---------------------------++-------
  Melee: Hand axe          ||    53
         Headbutt          ||     3
         Punch             ||     1
    Use: Scroll            ||     4
 Armour: Animal skin       ||    26
         Ring mail         ||    31
  Dodge: Dodged            ||    38
